 Dungeon Crawl Stone Soup version 0.22.1-1-ga44c0e5 (webtiles) character file.

89 Irenicus the Chopper (level 4, -4/40 HPs)
             Began as a Deep Dwarf Monk on Oct 6, 2018.
             Slain by an ogre
             ... wielding a +0 giant club
              (25 damage)
             ... on level 2 of the Dungeon.
             The game lasted 00:07:08 (889 turns).

Irenicus the Chopper (Deep Dwarf Monk)               Turns: 889, Time: 00:07:08

Health: -4/40      AC:  3    Str: 15      XL:     4   Next: 31%
Magic:  4/4        EV: 13    Int:  9 (10) God:
Gold:   118        SH:  0    Dex: 19 (21) Spells: 3/3 levels left

rFire    . . .     SeeInvis .   a - +0 hand axe
rCold    . . .     Gourm    .   (no shield)
rNeg     . . .     Faith    .   n - +0 leather armour
rPois    +         Spirit   .   (no helmet)
rElec    .         Reflect  .   r - scarf {repulsion}
rCorr    .         Harm     .   (no gloves)
MR       .....                  (no boots)
Stlth    ++........             (no amulet)
HPRegen  0.00/turn              q - ring of poison resistance {rPois, !d}
MPRegen  0.09/turn              h - +5 ring of dexterity

@: non-regenerating, repel missiles
A: damage resistance, heal wounds, sense surroundings 1, no regeneration
a: Heal Wounds


You were on level 2 of the Dungeon.
You were not hungry.

You visited 1 branch of the dungeon, and saw 2 of its levels.

You collected 118 gold pieces.

Inventory:

Hand Weapons
 a - a +0 hand axe (weapon)
Missiles
 k - 4 javelins (quivered)
 l - a throwing net {=f, !d}
Armour
 b - a +0 robe
 n - a +0 leather armour (worn)
   (You found it on level 1 of the Dungeon)
 r - a scarf of repulsion (worn)
   (You found it on level 2 of the Dungeon)
 s - a +1 cloak
   (You found it on level 2 of the Dungeon)
Jewellery
 f - an uncursed ring of flight {+Fly, !d}
   (You found it on level 1 of the Dungeon)
 h - a +5 ring of dexterity (right hand)
   (You found it on level 1 of the Dungeon)
 i - a +1 ring of evasion
   (You took it off a hobgoblin on level 1 of the Dungeon)
 o - an uncursed ring of see invisible {sInv, !d}
   (You found it on level 1 of the Dungeon)
 q - a ring of poison resistance (left hand) {rPois, !d}
   (You found it on level 2 of the Dungeon)
Scrolls
 d - a scroll of magic mapping {unknown}
 e - a scroll of noise {unknown}
 g - a scroll of amnesia {unknown}
 j - 2 scrolls of identify {unknown}
 m - a scroll of immolation {unknown}
 p - a scroll of teleportation {unknown}
Comestibles
 c - 5 rations


   Skills:
 - Level 2.6 Fighting
 + Level 5.5 Axes
 - Level 1.0 Armour
 - Level 3.2 Dodging
 - Level 2.4 Stealth


You had 3 spell levels left.
You didn't know any spells.
Your spell library was empty.

Dungeon Overview and Level Annotations

Branches:
Dungeon (2/15)

Altars:
Ashenzari
Yredelemnul


Innate Abilities, Weirdness & Mutations

You are resistant to damage.
You can heal yourself by infusing magical energy.
You passively map a small area around you.
You do not regenerate.


Message History

The gnoll closely misses you.
You take 2 damage, and have 25/33 hp.
You barely miss the gnoll. You hit the gnoll. The gnoll closely misses you.
The gnoll hits you from afar with a halberd.
The gnoll hits you but does no damage.
You slash the gnoll!
You kill the gnoll!
You hit the gnoll but do no damage. The gnoll hits you.
The gnoll hits you from afar with a halberd.
The gnoll barely misses you.
You take 4 damage, and have 21/33 hp.
The gnoll closely misses you. The dart slug closely misses you.
The gnoll closely misses you.
You closely miss the gnoll. You hit the dart slug.
You hit the gnoll but do no damage. The gnoll hits you with a halberd!
* * * LOW HITPOINT WARNING * * *
The dart slug bites you but does no damage.
The gnoll hits you.
* * * LOW HITPOINT WARNING * * *
You take 16 damage, and have 5/33 hp.
MASSIVE DAMAGE!!
You hit the dart slug. You hit the gnoll. x2
The gnoll hits you with a halberd.
* * * LOW HITPOINT WARNING * * *
The gnoll misses you. The dart slug bites you.
You take 3 damage, and have 2/33 hp.
You fail to use your ability.
The gnoll closely misses you. The gnoll barely misses you.
You feel much better. The dart slug bites you. The gnoll misses you.
You regained 22 hp, and now have 24/33 hp.
You hit the gnoll. x2; You hit the dart slug.
You kill the dart slug!
The gnoll misses you. The gnoll closely misses you.
You hit the gnoll. You completely miss the gnoll.
The gnoll hits you but does no damage. The gnoll hits you.
You take 3 damage, and have 21/33 hp.
You hit the gnoll. You hit the gnoll but do no damage.
The gnoll hits you with a halberd. The gnoll closely misses you.
You take 1 damage, and have 20/33 hp.
You hit the gnoll. You hit the gnoll but do no damage.
The gnoll hits you with a halberd. The gnoll closely misses you.
You take 3 damage, and have 17/33 hp.
You barely miss the gnoll. You hit the gnoll. The gnoll misses you.
The gnoll closely misses you.
You hit the gnoll.
You kill the gnoll!
You feel your intelligence returning.
You have reached level 4!
You feel stronger.
You hit the gnoll.
You kill the gnoll!
You regained 4 hp, and now have 21/40 hp.
MP restored: 4
Things that are here:
a gnoll corpse; a giant cockroach corpse
Things that are here:
a halberd; a throwing net {=f, !d}; a gnoll corpse
l - a throwing net {=f, !d}
Things that are here:
a gnoll corpse; a giant cockroach corpse A dart slug comes into view.
The dart slug launches a dart at you. The slug dart misses you.
You slash the dart slug!
The dart slug bites you but does no damage.
You hit the dart slug.
You kill the dart slug!
You see here a dart slug corpse.
You see here a scroll labeled EFOANL RAEMNUU.
m - a scroll labeled EFOANL RAEMNUU You see here an embroidered scarf.
r - an embroidered scarf You see here 16 gold pieces.
You now have 109 gold pieces (gained 16).
Wear which item? (? for menu, Esc to quit)
You start removing your armour.
You continue taking off your +1 cloak. x4
You finish taking off your +1 cloak.
You start putting on your armour.
You continue putting on your embroidered scarf. x5
You finish putting on your scarf of repulsion.
You are surrounded by a repulsion field.
You see here 9 gold pieces.
You now have 118 gold pieces (gained 9).
You see here a scroll labeled ZAKIJ LOREYTZ.
j - 2 scrolls labeled ZAKIJ LOREYTZ (gained 1)
An ogre comes into view. It is wielding a giant club.
The ogre shouts!
The ogre moves out of view.
Found a stone staircase leading up.
You aren't carrying any items that you can evoke.
You aren't carrying any potions.
You aren't carrying any potions.
Here: an ogre, wielding a giant club The floor.
You barely miss the ogre. The ogre closely misses you.
You slash the ogre!
A kobold comes into view.
The kobold shouts!
You hit the ogre. The ogre hits you with a giant club!!
Ouch! That really hurt!
You die...

)....##### #.# #...# * ,*
.#.##### #.# #.#.# , *
.......######.###.#.# ,
##............##..#.#####
.........................
,
################...######
* * ,............### ,
................ * *
#######@.###.... * *
#...O........ ,
#............ #. , * *
#.........###* ..
#<.........# .., *
##.........# ##.# ,
.....###### .... ,
..K$### ##.#


You could see an ogre and a kobold.

Vanquished Creatures
  4 gnolls (D:2)
  2 worms (D:2)
  2 dart slugs (D:2)
  2 ball pythons
  3 giant cockroaches
  3 goblins (D:1)
  4 hobgoblins (D:1)
  6 jackals (D:1)
  A quokka (D:2)
  A bat (D:1)
  2 gnoll zombies (D:2)
  5 kobolds
  6 rats (D:2)
41 creatures vanquished.

Notes
Turn   | Place    | Note
-------+----------+-------------------------------------------
     0 | D:1      | Irenicus the Deep Dwarf Monk began the quest for the Orb.
     0 | D:1      | Reached XP level 1. HP: 20/20 MP: 1/1
    92 | D:1      | Reached skill level 4 in Axes
    92 | D:1      | Reached XP level 2. HP: 13/27 MP: 2/2
   490 | D:2      | Reached XP level 3. HP: 10/33 MP: 3/3
   588 | D:2      | HP: 2/33 [worm (8)]
   633 | D:2      | Reached skill level 1 in Armour
   666 | D:2      | Found a basalt altar of Yredelemnul.
   702 | D:2      | Found a shattered altar of Ashenzari.
   764 | D:2      | HP: 7/33 [gnoll/flail (3)]
   793 | D:2      | Reached skill level 5 in Axes
   800 | D:2      | HP: 5/33 [gnoll (4)]
   801 | D:2      | HP: 2/33 [gnoll/halberd (3)]
   809 | D:2      | Reached XP level 4. HP: 21/40 MP: 4/4
   856 | D:2      | Irenicus: ?? repulsion
   856 | D:2      | beem: repulsion[1/1]: A scarf ego that grants the effect of
                  | {repel missiles}.
   883 | D:2      | Noticed an ogre
   889 | D:2      | Slain by an ogre

Skill      XL: |  1  2  3 |
---------------+----------+-----
Axes           | 4 5 |  5.5
Armour         | 1 |  1.0
Fighting       | |  2.6
Dodging        | |  3.2
Stealth        | |  2.4

Action                   |  1- 3 |  4- 6 || total
-------------------------+-------+-------++-------
Melee: Hand axe          |   114 |     5 ||   119
Throw: Javelin           |     5 |       ||     5
 Abil: Heal Wounds       |     2 |       ||     2
  Use: Potion            |     3 |       ||     3
 Stab: Distracted        |     1 |       ||     1
       Sleeping          |     2 |       ||     2
Armor: Robe              |     7 |       ||     7
       Leather armour    |    10 |     1 ||    11
Dodge: Dodged            |   115 |     2 ||   117

Vault maps used:
D:1:      scummos_arrival_hexagon, minmay_pentomino_o2
D:2:      lemuel_zombie_altar_yredelemnul, first_ration, evilmike_ruin_ashenzari

Table legend:
 A = Turns spent in this place as a percentage of turns spent in the entire game.
 B = Non-inter-level travel turns spent in this place as a percentage of non-inter-level travel turns spent in the entire game.
 C = Inter-level travel turns spent in this place as a percentage of turns spent in this place.
 D = Turns resting spent in this place as a percentage of non-inter-level travel turns spent in this place.
 E = Turns spent auto-exploring this place as a percentage of non-inter-level travel turns spent in this place.
 F = Non-inter-level travel turns spent in this place divided by the number of levels of this place that you've seen.
                   A       B       C       D       E      F
               +-------+-------+-------+-------+-------+----------------------
         Total | 100.0 | 100.0 |   0.0 |   0.0 |   0.0 | 444.5
       Dungeon | 100.0 | 100.0 |   0.0 |   0.0 |   0.0 | 444.5
               +-------+-------+-------+-------+-------+----------------------

Table legend:
 A = Kills in this place as a percentage of kills in entire the game.
 B = Kills by you in this place as a percentage of kills by you in the entire game.
 C = Kills by friends in this place as a percentage of kills by friends in the entire game.
 D = Other kills in this place as a percentage of other kills in the entire game.
 E = Experience gained in this place as a percentage of experience gained in the entire game.
 F = Experience gained in this place divided by the number of levels of this place that you have seen.
                   A       B       C       D       E      F
               +-------+-------+-------+-------+-------+----------------------
         Total | 100.0 | 100.0 |   N/A |   N/A | 100.0 |  64.0
       Dungeon | 100.0 | 100.0 |   N/A |   N/A | 100.0 |  64.0
               +-------+-------+-------+-------+-------+----------------------
